 Dungeon Crawl Stone Soup version 0.29-a0-509-g793eeb5391 (webtiles) character file.

Game seed: 16277879427756343468

6 Lekart the Skirmisher (level 1, -3/19 HPs)
             Began as a Draconian Chaos Knight on May 29, 2022.
             Was a Plaything of Xom.
             Frozen to death by an endoplasm (4 damage)
             ... on level 1 of the Dungeon.
             The game lasted 00:00:25 (194 turns).

Lekart the Skirmisher (Draconian Chaos Knight)       Turns: 194, Time: 00:00:25

Health: -3/19      AC:  4    Str: 14    XL:     1   Next: 75%
Magic:  1/1        EV: 11    Int: 12    God:    Xom [..*...]
Gold:   30         SH:  3    Dex: 10    Spells: 0/0 levels left

rFire   . . .      SeeInvis .   a - +0 falchion (chaos)
rCold   . . .      Faith    .   d - +0 buckler
rNeg    . . .      Spirit   .   (body armour unavailable)
rPois   .          Reflect  .   (helmet restricted)
rElec   .          Harm     .   (no cloak)
rCorr   .          Rampage  .   (no gloves)
Will    .....                   (no boots)
Stlth   +.........              (no amulet)
HPRegen 0.06/turn               (no ring)
MPRegen 0.07/turn               (no ring)

@: no status effects
A: AC +4, unfitting armour, cold-blooded
a: Renounce Religion


You were on level 1 of the Dungeon.
You worshipped Xom.
You were a toy of Xom.
You visited 1 branch of the dungeon, and saw 1 of its levels.

You collected 30 gold pieces.

Inventory:

Hand Weapons
 a - a +0 falchion of chaos (weapon)
Armour
 d - a +0 buckler (worn)
Scrolls
 c - 2 scrolls of fear {unknown}
 e - a scroll of poison {unknown}
 f - a scroll of identify {unknown}
 g - a scroll of silence {unknown}
Miscellaneous
 b - a piece from Xom's chessboard (15/15) (quivered)


   Skills:
 * Level 3.6 Fighting
 + Level 3.1 Long Blades
 + Level 2.2 Dodging


You couldn't memorise any spells.
You didn't know any spells.
Your spell library contained the following spells:

 Spells                   Type           Power      Damage    Failure   Level
 Gell's Gravitas          Tloc           0%         N/A       80%         3
 Teleport Other           Tloc           0%         N/A       80%         3
 Dispersal                Tloc           0%         N/A       100%        6


Dungeon Overview and Level Annotations

Branches:
Dungeon (1/15)

Altars:


Innate Abilities, Weirdness & Mutations

Your plain brown scales are hard. (AC +4)
You cannot fit into any form of body armour.
You are cold-blooded and may be slowed by cold attacks.


Message History

You kill the jackal!
The jackal barely misses you.
You closely miss the jackal. The jackal closely misses you.
The jackal misses you. You block the jackal's attack. x2
The jackal bites you. The jackal completely misses you.
You barely miss the jackal. The jackal barely misses you.
The jackal misses you. You block the jackal's attack. x2
The jackal bites you.
You completely miss the jackal. The jackal closely misses you.
The jackal bites you but does no damage.
You block the jackal's attack. The endoplasm misses you. The jackal bites you.
The jackal closely misses you.
You hit the jackal but do no damage.
The jackal seems to grow stronger.
Xom thinks this is hilarious!
The jackal bites you but does no damage. x2
The endoplasm freezes you.
You are frozen.
The jackal bites you.
The jackal bites you but does no damage.
The jackal closely misses you. The endoplasm freezes you.
You are frozen.
* * * LOW HITPOINT WARNING * * *
You barely miss the jackal.
The jackal bites you but does no damage. x2
The jackal closely misses you. x4
The endoplasm hits you but does no damage.
You barely miss the jackal. The jackal barely misses you. The jackal bites you.
* * * LOW HITPOINT WARNING * * *
The jackal barely misses you.
The endoplasm hits you but does no damage.
You block the jackal's attack.
The jackal bites you but does no damage.
You hit the jackal but do no damage.
The jackal flickers and vanishes!
Deactivating autopickup; reactivate with Ctrl-A.
Your tail-slap misses something.
The jackal closely misses you. x2
Something bites you.
* * * LOW HITPOINT WARNING * * *
The endoplasm freezes you.
You are frozen.
You die...

# ........#......# #
.............# #
.............# .
.............# #
..####.###.†.## # ..
##.###.)..#
#...####..##### ##
+.####.#...###.....#
..
+..)@{.###.###..##...
.# +..hhJ..##......#
# ##
+........#####..#
+........# ##.##
............ #..#
...........##. #..#
............# # ####
...........##


You could see an endoplasm and 2 jackals.

Vanquished Creatures
  A goblin (D:1)
  A hobgoblin (D:1)
  A jackal (D:1)
  A kobold (D:1)
  A bat (D:1)
5 creatures vanquished.

Notes
Turn   | Place    | Note
-------+----------+-------------------------------------------
     0 | D:1      | Lekart the Draconian Chaos Knight began the quest for the
                  | Orb.
     0 | D:1      | Reached XP level 1. HP: 19/19 MP: 1/1
   194 | D:1      | Frozen to death by an endoplasm

Illustrated notes

Levels and vault maps discovered:
D:1:      ncdulo_smallfort, layout_rooms,
          hellmonk_ecumenical_altar_heavens_door, serial_shops, shop

Action                   || total
-------------------------++-------
Melee: Falchion          ||    16
       Tailslap          ||     1
Armor: Skin              ||    12
Dodge: Dodged            ||    21
Block: Buckler           ||     6

Table legend: (Time is in decaauts)
 A = Elapsed time spent in this place.
 B = Non-inter-level travel time spent in this place.
 C = Inter-level travel time spent in this place.
 D = Time resting spent in this place.
 E = Time spent auto-exploring this place.
 F = Levels seen in this place.
 G = Mean time per level.
                   A        B        C        D        E       F      G
               +--------+--------+--------+--------+--------+-----+--------+
         Total |    197 |    197 |      0 |      0 |    147 |   1 |  197.0 |
       Dungeon |    197 |    197 |      0 |      0 |    147 |   1 |  197.0 |
               +--------+--------+--------+--------+--------+-----+--------+

Top non-repeatable levels by time:
     D:1: 197 daAuts
